cohdb
Replays
Latest Replays
All Replays
Popular Replays
Top Player Replays
Match Explorer
How It Works
Community
CoH3 Stats
Reddit
Sign in to upload your games and track your stats! →
Sign in with Steam
Match 27909756
Unlisted
Match 27909756
Overview
Messages
Build Orders
End
Construct Barracks
Riflemen Squad
Riflemen Squad
M1 Mortar Team
Riflemen Squad
Construct Medical Station
Grenade Package
Infantry Support Center
Construct Motor Pool
Selects Advanced Infantry Battlegroup
M8 Greyhound Armored Car
Engineer Squad
M1 Anti-tank Gun Team
Selects Ammunition Storage
Selects M2A1 105mm Howitzer Emplacement
M1918 Browning Automatic Rifles
Selects Convert to Ranger Squad
Selects Free Fire Drills
Selects Frontline Medical Station
Frontline Medical Station
Engineer Squad
Engineer Squad
Selects Ranger Weapon Training
Construct Tank Depot
Construct Weapon Support Center
Sniper
Convert to Ranger Squad
Construct Tank Depot
M18 Hellcat Tank Destroyer
M18 Hellcat Tank Destroyer
Engineer Squad
SMOKO
Zulu
Nachosguy
HulkSMASH
0
0
Comments
sign in to comment!
No comments posted yet!